AoeStats
← 公鸡神探

Arena

508213759Analyzed
4v4 RM · 11d ago on Sep 21, 2026· 26m 57s· 8 players
Game mode
Random Map
Map size
Large (8 player)
Population
200
Speed
Normal
Resources
Standard
Victory
Conquest
Starting age
Dark Age
Ending age
Imperial Age
RankedLock teamsTeams togetherTeam positionsShared explorationLock speedFull tech treeHidden civsTurbo modeCheats
Victory
Defeat
🇨🇳 Berbers · China
1183
+12
🇨🇳 Franks · China
1173
+13
🇦🇺 Wei · Australia
1089
+16
🇨🇳 Turks · China
1033
+18
🇨🇳 Vikings · China
1151
-17
🇵🇱 Poles · Poland
1098
-15
🇪🇸 Franks · Spain
1080
-14
🇬🇧 Bohemians · United Kingdom
1055
-13
giancarlo7
10:22 Feudal Age
11:39 Wheelbarrow
10:46 Horse Collar
11:06 Double-Bit Axe
18:11 Castle Age
16:38 Scale Mail Armor
16:39 Stone Mining
17:38 Forging
17:53 Gold Mining
18:15 Scale Barding Armor
Only llorar
10:36 Feudal Age
14:53 Castle Age
12:52 Double-Bit Axe
13:43 Horse Collar
15:56 Heavy Plow
16:43 Bow Saw
Kobe Cashon
3:16 Loom
10:46 Feudal Age
14:34 Castle Age
12:51 Double-Bit Axe
13:14 Horse Collar
15:55 Bow Saw
Wertios
2:33 Loom
12:35 Feudal Age
13:53 Double-Bit Axe
17:20 Castle Age
17:22 Gold Mining
20:34 Wheelbarrow
23:55 Bow Saw
公鸡神探
11:03 Feudal Age
10:14 Loom
14:56 Castle Age
12:56 Horse Collar
14:28 Double-Bit Axe
15:12 Loom
16:34 Gold Mining
17:00 Fletching
17:14 Town Watch
22:18 Bow Saw
23:25 Bodkin Arrow
26:37 Padded Archer Armor
无甲的joe
8:27 Loom
10:13 Feudal Age
14:14 Castle Age
12:27 Double-Bit Axe
20:45 Forging
叶的第八章
11:12 Feudal Age
15:25 Castle Age
13:50 Double-Bit Axe
14:07 Horse Collar
15:23 Stone Mining
22:21 Wheelbarrow
22:22 Bow Saw
24:38 Heavy Plow
24:54 Stone Mining
26:14 Hand Cart
25:55 Gold Mining
MegaPanda
10:17 Feudal Age
10:53 Double-Bit Axe
10:49 Horse Collar
15:40 Gold Mining
18:22 Castle Age
21:04 Loom
Connection lost

Rejoining the realm…

Still unreachable

The connection could not be restored.

Session expired

The server has moved on; the page needs a fresh start.